 Dungeon Crawl Stone Soup version 0.23.2-1-ga50397a (webtiles) character file.

Game seed: 9244202092337176521

91 Fang the Skirmisher (level 4, -5/29 HPs)
             Began as a Gargoyle Berserker on May 31, 2019.
             Was a Believer of Trog.
             Slain by an ogre
             ... wielding a +0 giant club
              (23 damage)
             ... on level 2 of the Dungeon.
             The game lasted 00:01:33 (1388 turns).

Fang the Skirmisher (Gargoyle Berserker)            Turns: 1388, Time: 00:01:33

Health: -5/29      AC:  9    Str: 21    XL:     4   Next: 57%
Magic:  4/4        EV: 12    Int:  8    God:    Trog [**....]
Gold:   64         SH:  0    Dex:  9    Spells: 3/3 levels left

rFire    . . .     SeeInvis .   a - +0 war axe
rCold    . . .     Gourm    .   (no shield)
rNeg     + . .     Faith    .   b - +0 animal skin
rPois    ∞         Spirit   .   (no helmet)
rElec    +         Reflect  .   (no cloak)
rCorr    .         Harm     .   h - +2 pair of gloves
MR       .....                  (no boots)
Stlth    +.........             (no amulet)
HPRegen  0.09/turn              (no ring)
MPRegen  0.09/turn              (no ring)

@: no status effects
A: negative energy resistance 1, electricity resistance, unbreathing,
petrification resistance, rot immunity, AC +3
a: Berserk, Trog's Hand, Renounce Religion


You were on level 2 of the Dungeon.
You worshipped Trog.
Trog was pleased with you.
You were not hungry.

You visited 1 branch of the dungeon, and saw 2 of its levels.

You collected 64 gold pieces.

Inventory:

Hand Weapons
 a - a +0 war axe (weapon)
Armour
 b - a +0 animal skin (worn)
 h - a +2 pair of gloves (worn)
Jewellery
 n - an uncursed ring of ice {unknown}
Scrolls
 e - 2 scrolls of fear {unknown}
 g - a scroll of teleportation {unknown}
 i - a scroll of amnesia {unknown}
 j - 2 scrolls of remove curse {unknown}
 l - a scroll of identify {unknown}
Potions
 d - a potion of resistance {unknown}
 k - 2 potions of flight {unknown}
 m - a potion of lignification {unknown}
Comestibles
 c - 2 rations
 f - a chunk of flesh


   Skills:
 + Level 4.0 Fighting
 + Level 3.3 Axes
 + Level 3.1 Armour
 + Level 2.3 Dodging


You had 3 spell levels left.
You didn't know any spells.
Your spell library was empty.

Dungeon Overview and Level Annotations

Branches:
Dungeon (2/15)

Altars:


Innate Abilities, Weirdness & Mutations

You are resistant to torment.
Your stone body is resilient. (AC +3)
You are immune to poison.
You resist negative energy. (rN+)
You are resistant to electric shocks. (rElec)
You can survive without breathing.
You are immune to petrification.
You are immune to rotting.


Message History

Some of the chunks of flesh in your inventory have rotted away.
There is a stone staircase leading down here.
Some of the chunks of flesh in your inventory have rotted away.
Eating one of 3 chunks of flesh.
You eat one of the 3 chunks of flesh.
This raw flesh tastes terrible.
Found a stone staircase leading up.
There is a stone staircase leading up here.
Some of the chunks of flesh in your inventory have rotted away.
An ogre comes into view. It is wielding a +0 giant club.
The ogre shouts!
An ogre is nearby!
The ogre closely misses you.
You hit the ogre.
The ogre is lightly wounded.
The ogre hits you with a +0 giant club!
You slash the ogre!
The ogre is heavily wounded.
The ogre hits you with a +0 giant club!!
Ouch! That really hurt!
You die...

#..######.#.###.#####.#######.###
#.......#.#.#.#.............#.#
##.####.#.#.<.#.#####..#.##.#.#
#.####.#.###########.....#.#.#
#.#....#...........>.###.#.#.#
#.#.######################.#.#
#.#..).....................#.#
#.##########################.# #.
......O@.............#
######################


You could see an ogre.

Vanquished Creatures
  A hound zombie (D:2)
  3 adders (D:2)
  An ooze (D:1)
  3 dart slugs (D:1)
  A leopard gecko (D:1)
  A giant cockroach (D:2)
  8 goblins
  2 hobgoblins (D:1)
  4 jackals (D:2)
  2 quokkas (D:2)
  4 bats
  3 frilled lizards (D:2)
  3 kobolds
  A rat (D:1)
37 creatures vanquished.

Notes
Turn   | Place    | Note
-------+----------+-------------------------------------------
     0 | D:1      | Fang the Gargoyle Berserker began the quest for the Orb.
     0 | D:1      | Reached XP level 1. HP: 14/14 MP: 1/1
    92 | D:1      | Reached XP level 2. HP: 13/19 MP: 2/2
   504 | D:1      | Reached XP level 3. HP: 19/23 MP: 3/3
   811 | D:2      | Reached XP level 4. HP: 29/29 MP: 4/4
   865 | D:2      | Reached ** piety under Trog
  1157 | D:2      | Reached skill level 4 in Fighting
  1383 | D:2      | Noticed an ogre
  1388 | D:2      | Slain by an ogre

Skill      XL: |  1  2  3  4 |
---------------+-------------+-----
Axes           | 3 |  3.3
Dodging        | 2 |  2.3
Armour         | 3 |  3.1
Fighting       | 4 |  4.0

Action                   |  1- 3 |  4- 6 || total
-------------------------+-------+-------++-------
Melee: Hand axe          |    67 |    19 ||    86
       War axe           |       |    21 ||    21
  Eat: Chunk             |       |     2 ||     2
Armor: Animal skin       |    29 |    22 ||    51
Dodge: Dodged            |    42 |    41 ||    83
